 Dungeon Crawl Stone Soup version 0.14-a0-2632-gd2f732a (webtiles) character file.

329 Econoterrorist the Covert (level 5, -31/24 HPs)
             Began as a Spriggan Enchanter on Feb 15, 2014.
             Killed from afar by an orc wizard (45 damage)
             ... with an exploding inner flame
             ... on Level 4 of the Dungeon.
             The game lasted 00:14:04 (3854 turns).

Econoterrorist the Covert (Spriggan Enchanter)      Turns: 3854, Time: 00:14:05

HP -31/24        AC  4     Str  5      XL: 5   Next: 19%
MP   6/16        EV 18     Int 16      God:
Gold 167         SH  0     Dex 17      Spells:  3 memorised,  4 levels left

rFire  . . .     SeeInvis +     a - +1,+2 dagger
rCold  . . .     Clarity  .     b - +2 robe
rNeg   . . .     Conserve .     (shield restricted)
rPois  +         rCorr    .     (helmet restricted)
rElec  .         rRot     .     (no cloak)
SustAb . .       Spirit   .     (gloves unavailable)
rMut   .         Warding  .     (boots unavailable)
Saprov . . .     Stasis   .     (no amulet)
MR     .....                    e - ring of poison resistance
                                i - ring of see invisible

@: very quick, not resistant to hostile enchantments, very stealthy
A: unfitting armour, see invisible, herbivore 3, speed 3, slow metabolism 2
a: no special abilities


You were on level 4 of the Dungeon.
You were not hungry.

You visited 1 branch of the dungeon, and saw 4 of its levels.

You collected 167 gold pieces.

Inventory:

Hand weapons
 a - a +1,+2 dagger (weapon)
Missiles
 d - 13 darts (quivered)
Armour
 b - a +2 robe (worn)
Comestibles
 g - 2 chokos
 h - 2 bread rations
Scrolls
 m - a scroll of recharging
 q - 2 scrolls of identify
Jewellery
 e - a ring of poison resistance (right hand)
 i - a ring of see invisible (left hand)
 l - a +1 ring of dexterity
Potions
 f - a potion of heal wounds
 j - a potion of invisibility {unknown}
 k - a potion of mutation {unknown}
 n - a potion of magic {unknown}
 p - a potion of confusion {unknown}
 s - a potion of speed {unknown}
 u - 2 potions of might {unknown}
 v - 2 potions of paralysis {unknown}
 w - 2 potions of brilliance {unknown}
 x - 4 potions of curing {unknown}
Books
 c - a book of Maledictions

   Spells                             Type                      Level
   *Corona                            Hexes                        1
   Sure Blade                         Hexes/Charms                 2
   *Ensorcelled Hibernation           Hexes/Ice                    2
   *Confuse                           Hexes                        3
   Enslavement                        Hexes                        4
   Invisibility                       Hexes                        6


   Skills:
 - Level 1.1 Short Blades
 - Level 1.1 Throwing
 - Level 3.0 Dodging
 - Level 8.0 Stealth
 + Level 3.4 Spellcasting
 - Level 3.6 Hexes


You had 4 spell levels left.
You knew the following spells:

 Your Spells              Type           Power        Failure   Level  Hunger
a - Corona                Hex            ##.....      6%          1    None
b - Ensorcelled Hibernat  Hex/Ice        #.....       14%         2    ##.....
c - Confuse               Hex            ##......     14%         3    ###....


Dungeon Overview and Level Annotations

Branches:
Dungeon (4/16)
 Temple: D:4-7

Altars:
Ashenzari


Innate Abilities, Weirdness & Mutations

You are tiny and cannot use many weapons and most armour.
You have supernaturally acute eyesight.
You are a herbivore.
You cover ground extremely quickly.
You need consume almost no food.


Message History

The orc wizard resists.
The orc wizard casts a spell.
The orc wizard seems to speed up.
The orc wizard misses you.
The orc wizard hits you with an orcish dagger.
Casting: Ensorcelled Hibernation
Confirm with . or Enter, or press ? or * to list all spells.
Aiming: Ensorcelled Hibernation
Press: ? - help, Shift-Dir - straight line, f/p - orc wizard
Aim: an orc wizard, wielding an orcish dagger and wearing an orcish robe (inner flame)
The orc wizard looks drowsy...
The orc wizard completely misses you.
The helpless orc wizard fails to defend itself.
You slice the orc wizard!!
The orc wizard explodes!
The fiery explosion engulfs the orc priest.
The orc priest explodes!
The fiery explosion engulfs the orc wizard.
The orc wizard explodes!
The fiery explosion engulfs you!
Ouch! That really hurt!
You die...

... #....).##......#
#...#######......##......#
#........##......##.###.##
#........##......##.# #.#
#................##.###'##
#...............###......)
#.....§§§§......###.......
+.....§§§§..%......>......
#......§§@.........#......
........####o§.........#......
(...... #############......
....o.. #..............
....... #.............. ......
#.............. #####
#......(.......
#..............
#############..


You could see an orc wizard (inner flame).

Vanquished Creatures
  A worker ant (D:4)
  5 adders
  2 giant mites (D:3)
  2 worms
  An ooze (D:2)
  An orc (D:4)
  2 ball pythons
  7 bats
  8 goblins
  11 hobgoblins
  6 giant newts
  A jackal (D:1)
  9 kobolds
  14 rats
70 creatures vanquished.

Vanquished Creatures (others)
  A fungus (D:2)
1 creature vanquished.

Grand Total: 71 creatures vanquished

Notes
Turn   | Place    | Note
--------------------------------------------------------------
     0 | D:1      | Econoterrorist, the Spriggan Enchanter, began the quest for the Orb.
     0 | D:1      | Reached XP level 1. HP: 9/9 MP: 4/4
   278 | D:1      | Reached skill level 4 in Stealth
   324 | D:1      | Reached XP level 2. HP: 10/13 MP: 7/7
   329 | D:1      | Learned a level 2 spell: Ensorcelled Hibernation
  1053 | D:1      | Reached skill level 5 in Stealth
  1717 | D:2      | Found a shattered altar of Ashenzari.
  1737 | D:2      | Reached XP level 3. HP: 16/16 MP: 7/9
  1742 | D:2      | Learned a level 3 spell: Confuse
  1761 | D:2      | Saw a vision of the Swamp and the Snake Pit.
  1761 | D:2      | Noticed a naga
  1761 | D:2      | Noticed a water moccasin
  1761 | D:2      | Noticed a naga
  1761 | D:2      | Noticed a shock serpent
  1761 | D:2      | Noticed a naga sharpshooter
  1761 | D:2      | Noticed a swamp drake
  1761 | D:2      | Noticed a swamp drake
  1761 | D:2      | Noticed an alligator
  1761 | D:2      | Noticed an alligator
  1761 | D:2      | Noticed a water moccasin
  1761 | D:2      | Noticed an alligator
  1762 | D:2      | Noticed a water moccasin
  1763 | D:2      | Noticed a giant amoeba
  1776 | D:2      | Noticed a swamp drake
  1899 | D:2      | Reached skill level 6 in Stealth
  2753 | D:3      | Reached XP level 4. HP: 21/21 MP: 9/12
  2774 | D:3      | Reached skill level 7 in Stealth
  3665 | D:4      | Reached skill level 8 in Stealth
  3821 | D:4      | Reached XP level 5. HP: 21/24 MP: 11/16
  3845 | D:4      | HP: 1/24 [orc priest/divine providence (12)]
  3854 | D:4      | Killed from afar by an orc wizard

Action                   |  1- 3 |  4- 6 || total
-------------------------+-------+-------++-------
Melee: Dagger            |   139 |    48 ||   187
Throw: Dart              |    11 |     2 ||    13
 Cast: Corona            |     1 |       ||     1
       Ensorcelled Hiber |    14 |    14 ||    28
  Use: Scroll            |     2 |     9 ||    11
       Potion            |     1 |     1 ||     2
 Stab: Sleeping          |    20 |    16 ||    36
       Distracted        |     1 |       ||     1
